[Event "Rated Blitz game"]
[Site "?"]
[Date "2021.04.06"]
[Round "?"]
[White "Salimskyi"]
[Black "AdrianWinterTandT"]
[Result "1-0"]
[ECO "C46"]
[WhiteElo "2458"]
[BlackElo "2347"]
[PlyCount "33"]
[EventDate "2021.??.??"]
[EventType "blitz"]
[TimeControl "180"]

1. e4 e5 2. Nf3 Nc6 3. Nc3 Nf6 4. Nxe5 Nxe5 5. d4 Ng6 6. e5 Ng8 7. Bc4 Bb4 8.
O-O Bxc3 9. bxc3 N8e7 10. f4 d5 11. Bd3 f5 12. exf6 gxf6 13. f5 Nf8 14. Qh5+
Kd7 15. Ba3 Qe8 16. Qxe8+ Kxe8 17. Rae1 {Normal} 1-0

[Event "Rated Blitz game"]
[Site "?"]
[Date "2021.04.06"]
[Round "?"]
[White "kahvitauko"]
[Black "Prayer791"]
[Result "0-1"]
[ECO "C46"]
[WhiteElo "2479"]
[BlackElo "2511"]
[PlyCount "110"]
[EventDate "2021.??.??"]
[EventType "blitz"]
[TimeControl "180"]

1. e4 e5 2. Nf3 Nf6 3. Nc3 Nc6 4. Nxe5 Nxe5 5. d4 Ng6 6. e5 Ng8 7. Bc4 d5 8.
Bxd5 c6 9. Be4 f5 10. Bf3 Bb4 11. O-O Bxc3 12. bxc3 N8e7 13. Ba3 Be6 14. Bh5
O-O 15. f4 b5 16. h3 Qd7 17. g4 fxg4 18. hxg4 Rxf4 19. Bxg6 Nxg6 20. Rxf4 Nxf4
21. Qf3 Nd5 22. Rf1 h6 23. g5 Qf7 24. Qd3 Qh5 25. gxh6 Qxh6 26. Rf3 Nf4 27. Qf1
Nh3+ 28. Kg2 Bd5 29. Kg3 Bxf3 30. Qxf3 Ng5 31. Qf5 Qh3+ 32. Qxh3 Nxh3 33. Kxh3
Kf7 34. Kg4 Ke6 35. Kf4 Rh8 36. Ke3 Kd5 37. Kd2 g5 38. Be7 g4 39. Bg5 Rh3 40.
Be3 Rf3 41. Ke2 Rf7 42. Kd3 g3 43. a4 a6 44. axb5 cxb5 45. Ke2 a5 46. Bg1 a4
47. Be3 a3 48. Bc1 a2 49. Bb2 g2 50. Kd3 g1=Q 51. c4+ bxc4+ 52. Kc3 Qxd4+ 53.
Kb4 Rb7+ 54. Ka4 Qxb2 55. c3 a1=Q# {Normal} 0-1

[Event "Rated Rapid game"]
[Site "?"]
[Date "2021.04.06"]
[Round "?"]
[White "Smashyy"]
[Black "Cutthroat27"]
[Result "0-1"]
[ECO "C46"]
[WhiteElo "2303"]
[BlackElo "2405"]
[PlyCount "24"]
[EventDate "2021.??.??"]
[EventType "rapid"]
[TimeControl "600"]

1. e4 e5 2. Nf3 Nc6 3. Nc3 Nf6 4. Nxe5 Nxe5 5. d4 Ng6 6. e5 Ng8 7. Bc4 d5 8.
Bxd5 N8e7 9. Bc4 Nf5 10. Qf3 Qxd4 11. Bxf7+ Kxf7 12. Qxf5+ Bxf5 {Normal} 0-1

[Event "Rated Blitz game"]
[Site "?"]
[Date "2021.04.06"]
[Round "?"]
[White "kingsolver2018"]
[Black "africanmorphy"]
[Result "0-1"]
[ECO "C46"]
[WhiteElo "2413"]
[BlackElo "2337"]
[PlyCount "114"]
[EventDate "2021.??.??"]
[EventType "blitz"]
[TimeControl "180"]

1. e4 e5 2. Nf3 Nf6 3. Nc3 Nc6 4. Nxe5 Nxe5 5. d4 Ng6 6. e5 Ng8 7. Bc4 d6 8.
Qf3 Be6 9. Qxb7 dxe5 10. Bxe6 fxe6 11. Qc6+ Kf7 12. d5 N8e7 13. Qxe6+ Ke8 14.
Bg5 Rb8 15. O-O-O Rb6 16. Qg4 Qd6 17. Be3 Qb4 18. Qxb4 Rxb4 19. d6 cxd6 20.
Rxd6 Nf5 21. Rd3 Nxe3 22. Rxe3 Bc5 23. Rf3 Rf8 24. Rxf8+ Kxf8 25. f3 Be3+ 26.
Kb1 Bd4 27. Nd1 Rb7 28. Re1 Nf4 29. g3 Nd5 30. Kc1 Re7 31. c3 Bb6 32. Kc2 Nf6
33. b4 e4 34. fxe4 Rxe4 35. Rf1 Re2+ 36. Kb3 Rxh2 37. c4 Rh3 38. Rf3 Bc7 39.
Nc3 Rxg3 40. Rf5 Ke7 41. c5 Ne4 42. a4 Rxc3+ 43. Kb2 Re3 44. b5 Ke6 45. Rf8
Be5+ 46. Kc2 Nxc5 47. Re8+ Kd5 48. Rd8+ Kc4 49. Rc8 Re2+ 50. Kd1 Rh2 51. a5
Kxb5 52. a6 Kc4 53. Rc6 Bd4 54. Rc8 Kd3 55. Re8 Ne4 56. Rf8 Rh1+ 57. Rf1 Rxf1#
{Normal} 0-1

[Event "Rated Blitz game"]
[Site "?"]
[Date "2021.04.06"]
[Round "?"]
[White "Salimskyi"]
[Black "Maxim_Shvetsov"]
[Result "1-0"]
[ECO "C46"]
[WhiteElo "2451"]
[BlackElo "2458"]
[PlyCount "79"]
[EventDate "2021.??.??"]
[EventType "blitz"]
[TimeControl "180"]

1. e4 e5 2. Nf3 Nc6 3. Nc3 Nf6 4. Nxe5 Nxe5 5. d4 Bb4 6. dxe5 Nxe4 7. Qd4 Bxc3+
8. bxc3 d5 9. exd6 Nxd6 10. Qxg7 Qe7+ 11. Be3 Rf8 12. Bd3 Be6 13. Qg5 Nf5 14.
Qxe7+ Kxe7 15. Bf4 c6 16. O-O Rad8 17. c4 Kf6 18. a4 Rfe8 19. a5 Bc8 20. Bb8 a6
21. Bc7 Rd4 22. Bb6 Rg4 23. g3 h5 24. Rfe1 Rxe1+ 25. Rxe1 Be6 26. f3 Rg8 27.
Kf2 Re8 28. Bxf5 Kxf5 29. Bd4 Rd8 30. Re5+ Kg6 31. c3 Bxc4 32. h4 f6 33. Re7
Rf8 34. Rxb7 Re8 35. Be3 Rd8 36. g4 Rd3 37. Bd4 Rd2+ 38. Kg3 hxg4 39. fxg4 Bf1
40. h5+ {Normal} 1-0

[Event "Rated Blitz game"]
[Site "?"]
[Date "2021.04.06"]
[Round "?"]
[White "brunosten"]
[Black "Kastling"]
[Result "1-0"]
[ECO "C46"]
[WhiteElo "2457"]
[BlackElo "2423"]
[PlyCount "75"]
[EventDate "2021.??.??"]
[EventType "blitz"]
[TimeControl "180"]

1. e4 e5 2. Nf3 Nc6 3. Nc3 Nf6 4. Nxe5 Nxe5 5. d4 Ng6 6. e5 Ng8 7. Bc4 d5 8.
Bxd5 Bb4 9. Qf3 Qe7 10. Bxb7 Bxb7 11. Qxb7 Rd8 12. O-O Bxc3 13. bxc3 Nh6 14. a4
O-O 15. Ba3 c5 16. Qxe7 Nxe7 17. Bxc5 Rfe8 18. c4 Nc6 19. c3 Na5 20. Bxa7 Nxc4
21. Rfb1 Nf5 22. Bc5 Nd2 23. Rb7 Ne4 24. Bb4 Rb8 25. Rxb8 Rxb8 26. a5 Nd2 27.
a6 Nc4 28. f4 f6 29. e6 Nfd6 30. d5 Kf8 31. a7 Ra8 32. Ra6 Ke7 33. Rc6 Rxa7 34.
Rxc4 Ra1+ 35. Kf2 Ra6 36. Rc7+ Ke8 37. Bxd6 Rxd6 38. c4 {Normal} 1-0

[Event "Rated Blitz game"]
[Site "?"]
[Date "2021.04.06"]
[Round "?"]
[White "Salimskyi"]
[Black "HannHagen"]
[Result "0-1"]
[ECO "C46"]
[WhiteElo "2439"]
[BlackElo "2393"]
[PlyCount "152"]
[EventDate "2021.??.??"]
[EventType "blitz"]
[TimeControl "180"]

1. e4 e5 2. Nf3 Nc6 3. Nc3 Nf6 4. Nxe5 Nxe5 5. d4 Nc6 6. d5 Bb4 7. dxc6 Nxe4 8.
Qd4 Qe7 9. Be3 O-O 10. Bd3 Nxc3 11. bxc3 Ba5 12. cxd7 Bxd7 13. Qe4 Qxe4 14.
Bxe4 Bxc3+ 15. Ke2 Bxa1 16. Rxa1 Bc6 17. Bxc6 bxc6 18. Kd3 Rfb8 19. Kc3 a5 20.
a3 Kf8 21. Bc5+ Ke8 22. Re1+ Kd8 23. h4 Rb5 24. Bf8 g6 25. Bh6 Rf5 26. f3 f6
27. Rd1+ Rd5 28. Re1 Kd7 29. Bf4 Re8 30. Rb1 Re2 31. Rb7 Rc5+ 32. Kd3 Rcxc2 33.
Rxc7+ Ke6 34. Rxh7 Rxg2 35. Ra7 g5 36. hxg5 fxg5 37. Be3 Ra2 38. Rxa5 Rg3 39.
Ke4 g4 40. fxg4 Rxg4+ 41. Kd3 Rg3 42. Ke4 Re2 43. Re5+ Kd6 44. Kd4 c5+ 45. Rxc5
Rexe3 46. Rd5+ Kc6 47. Rc5+ Kb6 48. Rh5 Rxa3 49. Rh6+ Kb5 50. Rh5+ Kb4 51. Rh4
Rad3+ 52. Ke5+ Kc3 53. Kf5 Rge3 54. Rh8 Re1 55. Rc8+ Kd2 56. Kf4 Rd7 57. Kf5
Rf7+ 58. Kg6 Rf2 59. Rd8+ Ke2 60. Re8+ Kf1 61. Rxe1+ Kxe1 62. Kg5 Ke2 63. Kg6
Rf4 64. Kg5 Ke3 65. Kg6 Ke4 66. Kg5 Ke5 67. Kg6 Rf5 68. Kg7 Rf6 69. Kh7 Ke6 70.
Kg7 Ke7 71. Kg8 Rf7 72. Kh8 Kf6 73. Kg8 Kg6 74. Kh8 Rf6 75. Kg8 Rf7 76. Kh8
Rf8# {Normal} 0-1

[Event "Rated Blitz game"]
[Site "?"]
[Date "2021.04.06"]
[Round "?"]
[White "Salimskyi"]
[Black "Satsanga"]
[Result "0-1"]
[ECO "C46"]
[WhiteElo "2440"]
[BlackElo "2408"]
[PlyCount "152"]
[EventDate "2021.??.??"]
[EventType "blitz"]
[TimeControl "180"]

1. e4 e5 2. Nf3 Nc6 3. Nc3 Nf6 4. Nxe5 Nxe5 5. d4 d6 6. dxe5 dxe5 7. Qxd8+ Kxd8
8. Bc4 Be6 9. Bxe6 fxe6 10. f3 a6 11. Bd2 Bd6 12. O-O-O Ke7 13. Kb1 Rag8 14. h4
h6 15. h5 g5 16. hxg6 Rxg6 17. g4 h5 18. g5 Ne8 19. Rdg1 Ng7 20. Nd1 h4 21. Rh3
Kf7 22. Be3 Be7 23. Kc1 Rh5 24. Kd2 Bxg5 25. Bxg5 Rhxg5 26. Rxg5 Rxg5 27. Rxh4
Rg2+ 28. Kd3 Kg6 29. Rg4+ Rxg4 30. fxg4 Kg5 31. Ne3 Ne8 32. Nc4 Kf4 33. g5 b5
34. Nd2 Kxg5 35. Nb3 Kf6 36. Nc5 a5 37. Nd7+ Ke7 38. Nxe5 Kd6 39. Nf7+ Kc5 40.
c3 Nd6 41. Nd8 e5 42. b3 a4 43. bxa4 bxa4 44. Ne6+ Kb6 45. c4 Nb7 46. Ng5 Nc5+
47. Ke3 Ka5 48. Nf7 Kb4 49. Nxe5 Ka3 50. Kd4 Nb7 51. Nd3 Kxa2 52. Kc3 a3 53.
Kb4 Nd8 54. e5 Nc6+ 55. Kc3 Kb1 56. Ne1 a2 57. Nc2 Nxe5 58. c5 Nd7 59. c6 Ne5
60. Na1 Kxa1 61. Kc2 Nxc6 62. Kc1 Nb4 63. Kd2 Kb2 64. Ke3 a1=Q 65. Kd4 Qc1 66.
Ke5 c5 67. Kd6 c4 68. Kc5 c3 69. Kc4 c2 70. Kd4 Qd1+ 71. Kc4 c1=Q+ 72. Kb5 Qc3
73. Ka5 Qd5+ 74. Kb6 Qcc6+ 75. Ka7 Qdd7+ 76. Kb8 Qcc8# {Normal} 0-1

[Event "Rated Blitz game"]
[Site "?"]
[Date "2021.04.06"]
[Round "?"]
[White "kingsolver2018"]
[Black "africanmorphy"]
[Result "1-0"]
[ECO "C46"]
[WhiteElo "2403"]
[BlackElo "2346"]
[PlyCount "49"]
[EventDate "2021.??.??"]
[EventType "blitz"]
[TimeControl "180"]

1. e4 e5 2. Nf3 Nf6 3. Nc3 Nc6 4. Nxe5 Nxe5 5. d4 Ng6 6. e5 Ng8 7. Bc4 d6 8.
Qf3 Be6 9. Qxb7 dxe5 10. Bxe6 fxe6 11. Qc6+ Kf7 12. d5 Qe8 13. dxe6+ Kf6 14.
Nd5+ Kf5 15. g4+ Kxg4 16. Ne3+ Kg5 17. Qe4 Kf6 18. Nd5+ Kxe6 19. Nxc7+ Kf7 20.
Qd5+ Kf6 21. Nxe8+ Rxe8 22. Rg1 N8e7 23. Bg5+ Kf5 24. Qd7+ Ke4 25. Qd3# {Normal
} 1-0

[Event "Rated Blitz game"]
[Site "?"]
[Date "2021.04.05"]
[Round "?"]
[White "pawnkinq7"]
[Black "pascalka0409"]
[Result "1-0"]
[ECO "C46"]
[WhiteElo "2673"]
[BlackElo "2707"]
[PlyCount "63"]
[EventDate "2021.??.??"]
[EventType "blitz"]
[TimeControl "180"]

1. e4 e5 2. Nf3 Nc6 3. Nc3 Nf6 4. Nxe5 Nxe5 5. d4 Ng6 6. e5 Ng8 7. Qf3 c6 8.
Bc4 d5 9. exd6 Be6 10. d5 Ne5 11. Qe2 Nxc4 12. dxe6 Nxd6 13. Bf4 Qe7 14. O-O-O
O-O-O 15. Qe3 Nf6 16. Qxa7 fxe6 17. Qa8+ Kc7 18. Qa5+ Kb8 19. Be3 b5 20. Rhe1
Nd5 21. Nxd5 cxd5 22. Rd3 Rc8 23. Ra3 Qb7 24. Bf4 Rc6 25. Rxe6 Kc8 26. Qe1 Kd7
27. Qe5 d4 28. Bg3 h5 29. Rf3 Qc8 30. Rxd6+ Rxd6 31. Rf7+ Kc6 32. a4 {Normal}
1-0

[Event "Rated Blitz game"]
[Site "?"]
[Date "2021.04.05"]
[Round "?"]
[White "highway_star"]
[Black "Alireza-sq"]
[Result "1-0"]
[ECO "C46"]
[WhiteElo "2416"]
[BlackElo "2271"]
[PlyCount "81"]
[EventDate "2021.??.??"]
[EventType "blitz"]
[TimeControl "180"]

1. e4 e5 2. Nf3 Nc6 3. Nc3 Nf6 4. Nxe5 Nxe5 5. d4 Ng6 6. e5 Ng8 7. Bc4 d6 8.
Qf3 Be6 9. Qxb7 Bxc4 10. Qc6+ Ke7 11. Qxc4 dxe5 12. dxe5 Nxe5 13. Qe4 Ke8 14.
Nb5 Bd6 15. f4 Nf6 16. Qe2 Qe7 17. Nxd6+ cxd6 18. fxe5 Qxe5 19. Bf4 Qxe2+ 20.
Kxe2 Kd7 21. Kd3 Rab8 22. b3 Rb4 23. c4 Re8 24. Rae1 Rc8 25. Bd2 Rb6 26. Ba5
Ra6 27. Bc3 Rxa2 28. Bxf6 gxf6 29. Rhf1 Rxg2 30. Rxf6 Rf8 31. Kc3 Rxh2 32. Rd1
Rh3+ 33. Kc2 Rh2+ 34. Kc1 Rd8 35. Rfxd6+ Ke7 36. Rxd8 h5 37. Rh8 h4 38. Rd4 h3
39. Rd3 Rh1+ 40. Kc2 h2 41. Rd2 {Normal} 1-0

[Event "Rated Rapid game"]
[Site "?"]
[Date "2021.04.05"]
[Round "?"]
[White "ProfAngel"]
[Black "Hjf156"]
[Result "1-0"]
[ECO "C46"]
[WhiteElo "2429"]
[BlackElo "2253"]
[PlyCount "45"]
[EventDate "2021.??.??"]
[EventType "rapid"]
[TimeControl "600"]

1. e4 e5 2. Nf3 Nf6 3. Nc3 Nc6 4. Nxe5 Bc5 5. Nf3 Nd4 6. Be2 O-O 7. O-O d5 8.
Nxd4 Bxd4 9. exd5 b6 10. Bf3 Bb7 11. Re1 a6 12. d3 Bxc3 13. bxc3 Nxd5 14. c4
Nc3 15. Qd2 Bxf3 16. Qxc3 Bb7 17. Bb2 Qg5 18. g3 Rfe8 19. h4 Qg4 20. c5 bxc5
21. Re5 f6 22. Rxe8+ Rxe8 23. Qb3+ {Normal} 1-0

[Event "Rated Blitz game"]
[Site "?"]
[Date "2021.04.05"]
[Round "?"]
[White "Pernambuquinho"]
[Black "benvural"]
[Result "0-1"]
[ECO "C46"]
[WhiteElo "2506"]
[BlackElo "2535"]
[PlyCount "68"]
[EventDate "2021.??.??"]
[EventType "blitz"]
[TimeControl "180"]

1. e4 e5 2. Nc3 Nf6 3. Nf3 Nc6 4. Nxe5 Nxe5 5. d4 Nc6 6. d5 Ne5 7. f4 Ng6 8. e5
Ng8 9. d6 cxd6 10. exd6 Qf6 11. Nb5 Nxf4 12. Nc7+ Kd8 13. Nxa8 Qe5+ 14. Be2
Nxg2+ 15. Kf1 Nf4 16. Bxf4 Qxf4+ 17. Bf3 Bxd6 18. Kg2 Nf6 19. Qc1 Re8 20. Qxf4
Bxf4 21. Rhe1 Rxe1 22. Rxe1 d5 23. c4 b6 24. cxd5 Bd6 25. Rc1 Bb7 26. Nxb6 axb6
27. Rc3 Nxd5 28. Rb3 Kc7 29. Kf2 Bc5+ 30. Ke1 f5 31. Rd3 Kd6 32. a3 Ke5 33. b4
Bd4 34. Rxd4 Kxd4 {Normal} 0-1

[Event "Rated Blitz game"]
[Site "?"]
[Date "2021.04.05"]
[Round "?"]
[White "biomechanoid8"]
[Black "dedaluz"]
[Result "0-1"]
[ECO "C46"]
[WhiteElo "2388"]
[BlackElo "2450"]
[PlyCount "80"]
[EventDate "2021.??.??"]
[EventType "blitz"]
[TimeControl "180"]

1. e4 e5 2. Nf3 Nc6 3. Nc3 Nf6 4. Nxe5 Nxe5 5. d4 Ng6 6. e5 Ng8 7. Bc4 d5 8.
Bxd5 Bb4 9. Qf3 Be6 10. Bxb7 Rb8 11. Bc6+ Kf8 12. Be3 N8e7 13. Be4 Nh4 14. Qe2
Bd5 15. O-O Bxc3 16. Bxd5 Qxd5 17. Qg4 Qxg2+ 18. Qxg2 Nxg2 19. Kxg2 Rxb2 20.
Kf3 f5 21. Rab1 Kf7 22. Rxb2 Bxb2 23. Rb1 Bc3 24. Rb7 Nd5 25. Rxa7 Rb8 26. Ra6
Rb6 27. Rxb6 cxb6 28. Ke2 b5 29. Kd3 Ke6 30. Bd2 Bxd2 31. Kxd2 Nb6 32. Kc3 Nd5+
33. Kd3 b4 34. c4 bxc3 35. a4 Kd7 36. a5 Kc6 37. a6 Kb6 38. e6 Kxa6 39. e7 Nxe7
40. Kxc3 Kb5 {Time forfeit} 0-1

[Event "Rated Blitz game"]
[Site "?"]
[Date "2021.04.05"]
[Round "?"]
[White "pawnkinq7"]
[Black "DamageDoers"]
[Result "1/2-1/2"]
[ECO "C46"]
[WhiteElo "2552"]
[BlackElo "2476"]
[PlyCount "120"]
[EventDate "2021.??.??"]
[EventType "blitz"]
[TimeControl "180"]

1. e4 e5 2. Nf3 Nc6 3. Nc3 Nf6 4. Nxe5 Nxe5 5. d4 Ng6 6. e5 Bb4 7. exf6 Qxf6 8.
Bd3 Qxd4 9. O-O O-O 10. Be3 Qh4 11. Nb5 Ba5 12. Nxa7 Re8 13. Nxc8 Raxc8 14.
Bxg6 hxg6 15. Qxd7 Red8 16. Qb5 Qb4 17. Qxb4 Bxb4 18. Rad1 f6 19. h4 Kf7 20. g3
b6 21. Kg2 Be7 22. Rxd8 Rxd8 23. a4 Ra8 24. Ra1 Ke6 25. b3 Bb4 26. Rd1 Bd6 27.
Re1 Kf7 28. Bxb6 cxb6 29. Rd1 Ke6 30. Re1+ Kd7 31. c3 Rc8 32. Re3 Be5 33. c4
Kc6 34. Rd3 Bd6 35. Rd4 Re8 36. Kf3 Re1 37. Rg4 Rb1 38. Rxg6 Rxb3+ 39. Ke4 Bf8
40. h5 Rb4 41. h6 gxh6 42. Rxf6+ Bd6 43. Rxh6 Rxc4+ 44. Ke3 Rxa4 45. Kf3 b5 46.
Rh1 b4 47. Rb1 Ra3+ 48. Ke4 b3 49. g4 Kb5 50. f4 Ra4+ 51. Kd5 Rxf4 52. Rxb3+
Ka4 53. Re3 Bb4 54. Re4 Rxe4 55. Kxe4 Bc3 56. g5 Kb3 57. g6 Kc4 58. Kf5 Kd5 59.
Kg5 Ke6 60. g7 Bxg7 {Normal} 1/2-1/2

[Event "Rated Blitz game"]
[Site "?"]
[Date "2021.04.05"]
[Round "?"]
[White "pacome76"]
[Black "CAPAKOV00"]
[Result "1-0"]
[ECO "C46"]
[WhiteElo "2414"]
[BlackElo "2267"]
[PlyCount "115"]
[EventDate "2021.??.??"]
[EventType "blitz"]
[TimeControl "180"]

1. e4 e5 2. Nf3 Nc6 3. Nc3 Nf6 4. Nxe5 Nxe5 5. d4 Nc6 6. d5 Nb8 7. f4 Bb4 8.
Bd3 d6 9. O-O c6 10. dxc6 Nxc6 11. Qe1 Be6 12. f5 Bd7 13. Bg5 Bxc3 14. Qxc3
Qb6+ 15. Kh1 Qd4 16. Qe1 O-O-O 17. Be3 Qe5 18. Bf4 Qa5 19. c3 Ne5 20. Bc2 Bc6
21. b4 Qb6 22. Be3 Qa6 23. Bd4 Rhe8 24. a4 Qc4 25. b5 Bxe4 26. Bxe4 Neg4 27.
Bxb7+ Kxb7 28. Qg3 h5 29. a5 Ne4 30. Qf3 Qd5 31. a6+ Ka8 32. h3 Ngf6 33. Bg1
Rc8 34. Rac1 Qc4 35. b6 axb6 36. Bxb6 d5 37. Bd4 Nd2 38. Qf2 Nxf1 39. Rxf1 Ne4
40. Qb2 Rb8 41. Qa3 Red8 42. Re1 Qc6 43. a7 Rb7 44. Ra1 Rbd7 45. Qa5 Ng3+ 46.
Kh2 Qd6 47. Kg1 Ne2+ 48. Kf2 Nxd4 49. cxd4 Qc6 50. Ra2 Qb7 51. Qd2 Qc6 52. Rc2
Qd6 53. Ra2 Rb7 54. Qa5 Rc8 55. Qd8 Qxd8 56. Re2 Qd6 57. Re5 Qxe5 58. Kf3 {
Time forfeit} 1-0

[Event "Rated Rapid game"]
[Site "?"]
[Date "2021.04.04"]
[Round "?"]
[White "PuroNorteCarnale"]
[Black "fabio11"]
[Result "1-0"]
[ECO "C46"]
[WhiteElo "2262"]
[BlackElo "2419"]
[PlyCount "77"]
[EventDate "2021.??.??"]
[EventType "rapid"]
[TimeControl "600"]

1. e4 e5 2. Nf3 Nc6 3. Nc3 Nf6 4. Nxe5 Nxe5 5. d4 Nc6 6. d5 Nb8 7. e5 Ng8 8. d6
c6 9. Bc4 Qh4 10. Qe2 b5 11. Bxf7+ Kxf7 12. Ne4 h6 13. Qf3+ Ke8 14. Bf4 g6 15.
O-O Na6 16. Rad1 Nb4 17. Nf6+ Nxf6 18. exf6 Qxf6 19. Rfe1+ Kf7 20. Qb3+ Kg7 21.
Be5 Qxe5 22. Rxe5 Nd5 23. Rexd5 cxd5 24. Qxd5 Rb8 25. Re1 Rb6 26. Re8 Kh7 27.
f4 Bg7 28. Rxh8+ Kxh8 29. Qd3 Kh7 30. h4 Bf8 31. Qe4 Kg7 32. Qe8 Rc6 33. a4
bxa4 34. h5 gxh5 35. f5 Bxd6 36. Qg6+ Kf8 37. f6 Bb7 38. c3 Ra6 39. Qxh6+ {
Normal} 1-0

[Event "Rated Blitz tournament vtnxHTLX"]
[Site "?"]
[Date "2021.04.03"]
[Round "?"]
[White "vovaches"]
[Black "venajalainen"]
[Result "0-1"]
[ECO "C46"]
[WhiteElo "2613"]
[BlackElo "2838"]
[PlyCount "48"]
[EventDate "2021.??.??"]
[EventType "blitz"]
[TimeControl "180"]

1. e4 e5 2. Nf3 Nc6 3. Nc3 Nf6 4. Nxe5 Nxe5 5. d4 Ng6 6. e5 Ng8 7. Bc4 d5 8.
Bxd5 Bb4 9. Qf3 Qe7 10. O-O c6 11. Bb3 Bxc3 12. bxc3 Nh6 13. Bxh6 gxh6 14. Qe3
Be6 15. f4 Nh4 16. f5 Nxf5 17. Qe4 Qg5 18. Rf4 O-O-O 19. Raf1 Ne7 20. Bxe6+
fxe6 21. Rf7 Nd5 22. c4 Qe3+ 23. Qxe3 Nxe3 24. R1f6 Rxd4 {Normal} 0-1

[Event "Rated Blitz game"]
[Site "?"]
[Date "2021.04.03"]
[Round "?"]
[White "Pepeoutai"]
[Black "RalphSheldon"]
[Result "0-1"]
[ECO "C46"]
[WhiteElo "2421"]
[BlackElo "2459"]
[PlyCount "28"]
[EventDate "2021.??.??"]
[EventType "blitz"]
[TimeControl "180+2"]

1. e4 e5 2. Nf3 Nc6 3. Nc3 Nf6 4. Nxe5 Nxe5 5. d4 Ng6 6. e5 Ng8 7. Bc4 d5 8.
Bxd5 N8e7 9. Bb3 Nf5 10. Be3 Bb4 11. Qf3 O-O 12. Rd1 Ngh4 13. Qe4 Nxe3 14. fxe3
Bf5 {Normal} 0-1

[Event "Rated Blitz game"]
[Site "?"]
[Date "2021.04.03"]
[Round "?"]
[White "kahvitauko"]
[Black "JoeAssaad"]
[Result "0-1"]
[ECO "C46"]
[WhiteElo "2418"]
[BlackElo "2479"]
[PlyCount "134"]
[EventDate "2021.??.??"]
[EventType "blitz"]
[TimeControl "180"]

1. e4 Nf6 2. Nc3 e5 3. Nf3 Nc6 4. Nxe5 Nxe5 5. d4 Ng6 6. e5 Ng8 7. Bc4 d5 8.
Bxd5 c6 9. Be4 Bb4 10. O-O N8e7 11. f4 Bxc3 12. bxc3 Bf5 13. Bf3 h5 14. Ba3 h4
15. Rb1 Qd7 16. c4 O-O 17. d5 Rfd8 18. Bd6 Nc8 19. c5 cxd5 20. Bxd5 Nxd6 21.
cxd6 Rab8 22. Rb3 Rdc8 23. c4 b5 24. Rxb5 Rxb5 25. cxb5 Qxb5 26. h3 a5 27. Kh1
a4 28. Re1 Nxf4 29. Bf3 Nd3 30. Rf1 Rc1 31. Qxc1 Nxc1 32. Rxc1 Qxe5 33. Rd1 Bd7
34. Bg4 f5 35. Bf3 g5 36. Rd5 Qe1+ 37. Kh2 Kg7 38. Rd1 Qe5+ 39. Kh1 g4 40. hxg4
fxg4 41. Bxg4 Bxg4 42. d7 Bxd7 43. Rxd7+ Kf6 44. Rd3 Qe2 45. Ra3 Qe1+ 46. Kh2
Qb4 47. Rf3+ Kg5 48. a3 Qd6+ 49. Kh3 Qe6+ 50. Kh2 Kg4 51. Kg1 Qe1+ 52. Kh2 Qc1
53. Rh3 Qf4+ 54. Kh1 Qd6 55. Rf3 Qc7 56. Kg1 Qc1+ 57. Kh2 Qc5 58. Kh1 Kg5 59.
Kh2 Qd4 60. Kh1 Kg6 61. Kh2 h3 62. Kxh3 Qd6 63. g4 Qd1 64. Rf5 Qh1+ 65. Kg3 Qa1
66. Rf3 Qa2 67. Kf4 Qg8 {Time forfeit} 0-1

[Event "Rated Blitz game"]
[Site "?"]
[Date "2021.04.03"]
[Round "?"]
[White "Pepeoutai"]
[Black "Captaintrunk"]
[Result "1-0"]
[ECO "C46"]
[WhiteElo "2429"]
[BlackElo "2252"]
[PlyCount "151"]
[EventDate "2021.??.??"]
[EventType "blitz"]
[TimeControl "180+2"]

1. e4 e5 2. Nf3 Nc6 3. Nc3 Nf6 4. Nxe5 Nxe5 5. d4 Ng6 6. e5 Ng8 7. Bc4 d5 8.
Bxd5 Be6 9. Bxb7 Rb8 10. Bc6+ Bd7 11. Bd5 N8e7 12. Bb3 Nc6 13. O-O Be7 14. f4
Bf5 15. d5 Na5 16. g4 Bd7 17. e6 fxe6 18. dxe6 Bc5+ 19. Kg2 Bc6+ 20. Bd5 Bxd5+
21. Qxd5 Qxd5+ 22. Nxd5 Bd6 23. f5 Ne5 24. h3 O-O 25. b3 Nac6 26. Bb2 Nb4 27.
Ne3 Nbc6 28. Rae1 Bb4 29. Rd1 Bc5 30. Nd5 Bd6 31. c4 Nxc4 32. Bxg7 Kxg7 33.
bxc4 Rb2+ 34. Kf3 Ne5+ 35. Ke4 Re2+ 36. Kd4 Nc6+ 37. Kd3 Rxa2 38. f6+ Kg6 39.
e7 Ra3+ 40. Kc2 Nb4+ 41. Nxb4 Bxb4 42. exf8=Q Bxf8 43. Rd8 Kf7 44. Rd7+ Kg6 45.
Rxc7 Rxh3 46. Rxa7 Rg3 47. Ra8 Kf7 48. Ra7+ Kg6 49. Rh1 Rxg4 50. Rhxh7 Rxc4+
51. Kd3 Rf4 52. Rh8 Rxf6 53. Rh1 Rd6+ 54. Ke4 Re6+ 55. Kd5 Re2 56. Ra6+ Kg5 57.
Rg1+ Kh5 58. Ra8 Rd2+ 59. Kc4 Bh6 60. Rh8 Rh2 61. Rd1 Rh3 62. Rd5+ Kg6 63. Rd6+
Kg5 64. Rc8 Rh4+ 65. Kd3 Rh3+ 66. Ke4 Rh4+ 67. Kf3 Rf4+ 68. Kg3 Rf5 69. Rg8+
Kh5 70. Rh8 Kg5 71. Rhxh6 Ra5 72. Rhg6+ Kh5 73. Rh6+ Kg5 74. Rdg6+ Kf5 75. Rh5+
Kxg6 76. Rxa5 {Normal} 1-0

[Event "Rated Blitz game"]
[Site "?"]
[Date "2021.04.02"]
[Round "?"]
[White "tangonajdorf"]
[Black "walaasarwat"]
[Result "1-0"]
[ECO "C46"]
[WhiteElo "2408"]
[BlackElo "2459"]
[PlyCount "85"]
[EventDate "2021.??.??"]
[EventType "blitz"]
[TimeControl "180+2"]

1. e4 e5 2. Nf3 Nc6 3. Nc3 Nf6 4. Nxe5 Nxe5 5. d4 Ng6 6. e5 Ng8 7. Bc4 c6 8.
Qf3 f5 9. h4 d5 10. exd6 Bxd6 11. Bg5 Nf6 12. h5 Nf8 13. h6 gxh6 14. Rxh6 Ng6
15. Qe2+ Kf8 16. Rh1 Qe7 17. Bh6+ Ke8 18. Bg7 Qxe2+ 19. Nxe2 Rf8 20. Bxf8 Kxf8
21. O-O-O Bd7 22. g3 Re8 23. Nc3 f4 24. d5 c5 25. gxf4 Bxf4+ 26. Kb1 a6 27. a4
Ne5 28. Be2 Kg7 29. Rh4 Ng6 30. Rg1 Be5 31. Bd3 Bxc3 32. bxc3 Bxa4 33. Rxa4
Nxd5 34. Kb2 Rf8 35. Bxg6 hxg6 36. Rag4 Nf4 37. c4 b5 38. Rg5 bxc4 39. Rxc5
Rb8+ 40. Ka2 Rb4 41. Ka3 Rb7 42. Rxc4 Nd5 43. Rc6 {Time forfeit} 1-0

[Event "Rated Blitz game"]
[Site "?"]
[Date "2021.04.02"]
[Round "?"]
[White "vladlitus"]
[Black "Prayer791"]
[Result "0-1"]
[ECO "C46"]
[WhiteElo "2418"]
[BlackElo "2534"]
[PlyCount "86"]
[EventDate "2021.??.??"]
[EventType "blitz"]
[TimeControl "180"]

1. e4 e5 2. Nc3 Nf6 3. Nf3 Nc6 4. Nxe5 Nxe5 5. d4 Ng6 6. e5 Ng8 7. Bc4 d5 8.
Bxd5 c6 9. Be4 Be6 10. O-O f5 11. Bf3 Bb4 12. g3 N8e7 13. Ne2 O-O 14. c3 Ba5
15. h4 Bd5 16. Bg2 Bxg2 17. Kxg2 Qd5+ 18. f3 b5 19. h5 Nh8 20. Nf4 Qd7 21. a4
a6 22. axb5 axb5 23. Nd3 Bb6 24. Rxa8 Rxa8 25. Be3 Nd5 26. Bf2 Nf7 27. Qd2 Nd8
28. b3 Ne6 29. Rd1 f4 30. g4 h6 31. c4 bxc4 32. bxc4 Ne3+ 33. Bxe3 fxe3 34.
Qxe3 Bxd4 35. Qe4 Ra2+ 36. Kg3 Ra5 37. Nc1 c5 38. f4 Ra3+ 39. Kg2 Qe7 40. f5
Qh4 41. Nd3 Rxd3 42. Rxd3 Qf2+ 43. Kh3 Ng5# {Normal} 0-1

[Event "Rated Blitz game"]
[Site "?"]
[Date "2021.04.01"]
[Round "?"]
[White "highway_star"]
[Black "Maxim_Shvetsov"]
[Result "1-0"]
[ECO "C46"]
[WhiteElo "2396"]
[BlackElo "2454"]
[PlyCount "31"]
[EventDate "2021.??.??"]
[EventType "blitz"]
[TimeControl "180"]

1. e4 e5 2. Nf3 Nc6 3. Nc3 Nf6 4. Nxe5 Nxe5 5. d4 Bb4 6. dxe5 Nxe4 7. Qg4 Nxc3
8. Qxb4 Nd5 9. Qg4 Rg8 10. Bc4 Nb6 11. Bg5 d5 12. Qh5 Qd7 13. Qxh7 Kf8 14. Bd3
Qg4 15. Be3 Qxg2 16. Bc5+ {Normal} 1-0

[Event "Rated Blitz game"]
[Site "?"]
[Date "2021.04.01"]
[Round "?"]
[White "highway_star"]
[Black "tigra522"]
[Result "1/2-1/2"]
[ECO "C46"]
[WhiteElo "2406"]
[BlackElo "2441"]
[PlyCount "97"]
[EventDate "2021.??.??"]
[EventType "blitz"]
[TimeControl "180"]

1. e4 e5 2. Nf3 Nc6 3. Nc3 Nf6 4. Nxe5 Nxe5 5. d4 Ng6 6. e5 Bb4 7. exf6 Qxf6 8.
Bc4 O-O 9. O-O c6 10. Ne4 Qh4 11. Bd3 d5 12. Ng3 Bd6 13. c3 Re8 14. Qc2 Bd7 15.
Bd2 Nf4 16. Bxf4 Bxf4 17. Rae1 g6 18. Qd1 Qf6 19. Rxe8+ Rxe8 20. Re1 Re6 21.
Rxe6 Qxe6 22. Qe2 h5 23. Qxe6 Bxe6 24. Ne2 Bg5 25. g3 Kg7 26. f4 Be7 27. Kf2
Bd6 28. Ng1 f6 29. Nf3 Bg4 30. Nh4 g5 31. fxg5 fxg5 32. Nf5+ Bxf5 33. Bxf5 Kf6
34. Bc8 b6 35. Bb7 c5 36. Bxd5 cxd4 37. cxd4 h4 38. gxh4 gxh4 39. h3 Bf4 40. b3
Ke7 41. Kf3 Bg3 42. Ke4 Kd6 43. Bf7 Bf2 44. a4 a5 45. Kd3 Bg1 46. Kc4 Bf2 47.
Kd3 Bg1 48. Kc4 Bf2 49. Kd3 {Normal} 1/2-1/2